 Dungeon Crawl Stone Soup version 0.27.1 (webtiles) character file.

Game seed: 10434203877413236474

22 Ishikawa the Skirmisher (level 2, 0/24 HPs)
             Began as a Demonspawn Fighter on Aug 27, 2021.
             Slain by a worm (5 damage)
             ... on level 1 of the Dungeon.
             The game lasted 00:01:58 (1244 turns).

Ishikawa the Skirmisher (Demonspawn Fighter)        Turns: 1244, Time: 00:01:58

Health: 0/24       AC:  6    Str: 16    XL:     2   Next: 68%
Magic:  2/2        EV:  7    Int:  9    God:
Gold:   36         SH:  8    Dex: 12    Spells: 1/1 levels left

rFire    . . .     SeeInvis .   a - +0 war axe
rCold    . . .     Faith    .   c - +0 kite shield
rNeg     + . .     Spirit   .   b - +0 scale mail
rPois    .         Reflect  .   (no helmet)
rElec    .         Harm     .   (no cloak)
rCorr    .         Rampage  .   (no gloves)
Will     .....                  (no boots)
Stlth    ..........             (no amulet)
HPRegen  0.08/turn              h - ring of positive energy
MPRegen  0.08/turn              (no ring)

@: no status effects
A: powered by pain 1
a: no special abilities


You were on level 1 of the Dungeon.
You visited 1 branch of the dungeon, and saw 2 of its levels.

You collected 36 gold pieces.

Inventory:

Hand Weapons
 a - a +0 war axe (weapon)
Armour
 b - a +0 scale mail (worn)
 c - a +0 kite shield (worn)
Jewellery
 h - a ring of positive energy (left hand)
Scrolls
 e - a scroll of teleportation {unknown}
Potions
 d - a potion of might
 f - a potion of curing {unknown}
 g - a potion of resistance {unknown}


   Skills:
 * Level 3.2 Fighting
 * Level 1.9 Axes
 * Level 2.9 Armour
 * Level 0.4 Dodging
 * Level 0.7 Stealth
 * Level 2.8 Shields
 * Level 0.2 Spellcasting


You had one spell level left.
You didn't know any spells.
Your spell library contained the following spells:

 Spells                   Type           Power      Damage    Failure   Level
 Conjure Flame            Conj/Fire      0%         6-21      100%        3
 Ignite Poison            Fire/Tmut/Pois 0%         N/A       100%        3
 Sticky Flame             Conj/Fire      0%         2d3       100%        4


Dungeon Overview and Level Annotations

Branches:
Dungeon (2/15)

Altars:


Innate Abilities, Weirdness & Mutations

You sometimes gain a little power by taking damage.


Message History

Your scale mail prevents you from hitting the worm.
The worm is heavily wounded.
The worm bites you but does no damage.
You barely miss the worm.
The worm is heavily wounded.
The worm bites you.
You barely miss the worm.
The worm is moderately wounded.
The worm bites you.
* * * LOW HITPOINT WARNING * * *
You slash the worm!
The worm is severely wounded.
You block the worm's attack.
There is a stone staircase leading up here.
You climb upwards.
There is a stone staircase leading down here.
You start resting.
A worm is nearby!
You start resting.
A worm is nearby!
You start resting.
A worm is nearby!
You start resting.
A worm is nearby!
You see here 25 sling bullets.
You see here 25 sling bullets.
You hit the worm.
The worm is moderately wounded.
The worm bites you!
* * * LOW HITPOINT WARNING * * *
You barely miss the worm.
The worm is moderately wounded.
The worm bites you but does no damage.
You slash the worm!
The worm is heavily wounded.
You block the worm's attack.
You hit the worm.
The worm is heavily wounded.
The worm bites you.
You die...

#................####.#
###############.#.#####.####.#
#....(.......................#
########.######.#..#########.#
#######.######...............
#..........#.........######..
#.####...).#.........# #.. #.#
##.....#.........# #.. #.#
#......w@........# #.. #.#
#................# ###.. #.#
#........#....#### #.... #.#
#........#.##.# #.#..
#.############.##.# #.#..
#.................# #....
#######...........###########
#.######.#####........# #.#
###.#####........#


You could see a worm.

Vanquished Creatures
  A dart slug (D:1)
  An endoplasm (D:1)
  A goblin (D:1)
  3 hobgoblins
  5 kobolds (D:1)
  A quokka (D:1)
  4 bats (D:1)
  A frilled lizard (D:1)
  2 rats (D:1)
19 creatures vanquished.

Notes
Turn   | Place    | Note
-------+----------+-------------------------------------------
     0 | D:1      | Ishikawa the Demonspawn Fighter began the quest for the
                  | Orb.
     0 | D:1      | Reached XP level 1. HP: 18/18 MP: 1/1
    62 | D:1      | Found a faded altar of an unknown god.
   345 | D:1      | Gained mutation: You sometimes gain a little power by
                  | taking damage. [demonic ancestry]
   345 | D:1      | Reached XP level 2. HP: 24/24 MP: 2/2
  1244 | D:1      | Slain by a worm

Illustrated notes

Levels and vault maps discovered:
D:1:      sevenhm_arrival_forest_fort_small_6, layout_basic,
          chequers_ecumenical_altar_simple
D:2:      layout_basic, minivault_14, roderic_lattice_a, minmay_misc_feat_doors,
          minmay_misc_feat_secret_circle

Action                   || total
-------------------------++-------
Melee: War axe           ||    68
Armor: Scale mail        ||    28
Dodge: Dodged            ||     9
Block: Kite shield       ||    37
